 Dungeon Crawl Stone Soup version 0.25-a0-308-geac79542e2 (webtiles) character file.

Game seed: 250462566761897556, levelgen mode: deterministic

3439 Glalom the Slicer (level 9, -2/42 HPs)
             Began as a Spriggan Enchanter on Dec 21, 2019.
             Was an Initiate of Ashenzari.
             Slain by a killer bee (3 damage)
             ... on level 9 of the Dungeon.
             The game lasted 00:41:59 (11408 turns).

Glalom the Slicer (Spriggan Enchanter)             Turns: 11408, Time: 00:42:00

Health: -2/42      AC:  3    Str:  4    XL:     9   Next: 77%
Magic:  0/17       EV: 25    Int: 17    God:    Ashenzari [......]
Gold:   541        SH:  0    Dex: 19    Spells: 9/17 levels left

rFire    . . .     SeeInvis +   a - +1 dagger
rCold    . . .     Gourm    .   (shield restricted)
rNeg     . . .     Faith    .   q - +1 animal skin (curse)
rPois    +         Spirit   +   (helmet restricted)
rElec    .         Reflect  .   (no cloak)
rCorr    .         Harm     .   (gloves unavailable)
MR       ++...                  (boots unavailable)
Stlth    ++++......             A - amulet of guardian spirit
HPRegen  0.14/turn              o - ring of protection from magic
MPRegen  0.15/turn              E - ring of poison resistance

@: lethally poisoned (-2 -> -5), about to teleport, berserk cooldown, slowed,
quick
A: very small, unfitting armour, see invisible, herbivore, speed 3, slow
metabolism 2
a: Curse Item, Renounce Religion


You were on level 9 of the Dungeon.
You worshipped Ashenzari.
Ashenzari was noncommittal.
You were hungry.

You visited 1 branch of the dungeon, and saw 9 of its levels.

You collected 541 gold pieces.

Inventory:

Hand Weapons
 a - a +1 dagger (weapon)
 b - a +1 hunting sling of flaming
 i - a +0 short sword of freezing
 r - a +0 hunting sling
Missiles
 l - 266 stones (quivered)
 m - 4 boomerangs of dispersal
Armour
 q - a cursed +1 animal skin (worn)
Jewellery
 o - a ring of protection from magic (left hand)
 A - an amulet of guardian spirit (around neck)
 E - a ring of poison resistance (right hand)
 F - an uncursed amulet of rage
Scrolls
 c - 3 scrolls of teleportation
 f - a scroll of blinking {unknown}
 g - 10 scrolls of identify
 k - a scroll of fog
 n - a scroll of enchant armour {unknown}
 p - 3 scrolls of amnesia
 s - 3 scrolls of immolation {unknown}
 t - 5 scrolls of enchant weapon {unknown}
 u - a scroll of noise {unknown}
 w - 2 scrolls of random uselessness {unknown}
 x - 2 scrolls of fear
 y - 2 scrolls of remove curse
 D - a scroll of torment {unknown}
Potions
 e - a potion of ambrosia {unknown}
 h - 2 potions of magic {unknown}
 j - 2 potions of curing
 v - 2 potions of berserk rage
 z - a potion of heal wounds {unknown}
 B - 2 potions of lignification {unknown}
 C - a potion of haste {unknown}
Comestibles
 d - 9 rations


   Skills:
 - Level 2.0 Fighting
 - Level 10.0 Short Blades
 - Level 8.2 Dodging
 - Level 8.1 Stealth
 + Level 4.8 Spellcasting
 + Level 8.0 Hexes
 - Level 3.4 Translocations
 - Level 1.0 Ice Magic


You had 9 spell levels left.
You knew the following spells:

 Your Spells              Type           Power        Failure   Level  Hunger
a - Corona                Hex            ####...      1%          1    None
b - Confuse               Hex            ####....     1%          3    ###....
c - Blink                 Tloc           N/A          5%          2    #......
d - Ensorcelled Hibernat  Hex/Ice        ###...       3%          2    #......

Your spell library contained the following spells:

 Spells                   Type           Power        Failure   Level  Hunger
 Slow                     Hex            ####....     1%          2    #......
 Tukima's Dance           Hex            ####....     1%          3    ###....
 Dazzling Flash           Conj/Hex       ###...       9%          3    ###....
 Beastly Appendage        Tmut           #.....       14%         1    None
 Magic Dart               Conj           #...         14%         1    None
 Call Imp                 Summ           #.......     22%         2    #......
 Sticks to Snakes         Tmut           #.......     22%         2    #......
 Conjure Flame            Conj/Fire      #.......     41%         3    ###....
 Mephitic Cloud           Conj/Pois/Air  #.......     41%         3    ###....
 Spider Form              Tmut/Pois      #.........   41%         3    ###....
 Ice Form                 Ice/Tmut       #.......     75%         4    ####...
 Blade Hands              Tmut           #.........   99%         5    ######.


Dungeon Overview and Level Annotations

Branches:
Dungeon (9/15)             Temple (0/1) D:7
   Lair: D:8-11         Orc: D:9-12

Altars:
Ashenzari
Cheibriados
Fedhas
Gozag
Nemelex Xobeh
Okawaru
Uskayaw
Wu Jian
Xom
Zin
The Shining One

Shops:
D:4 *   D:8 %

Annotations:
D:2 Crazy Yiuf
D:3 1 runed translucent door, exclusion: door, EtherCrawl's ghost, amateur DrTm
D:4 3 runed translucent doors, Borgoz's ghost, amateur GrBe


Innate Abilities, Weirdness & Mutations

You are very small and have problems with some larger weapons.
You are too small for most types of armour.
You have supernaturally acute eyesight. (SInv)
You are a herbivore.
You cover ground extremely quickly.
You need to consume almost no food.


Message History

Okay, then.
It was a potion of berserk rage.
A red film seems to cover your vision as you go berserk!
You feel yourself moving faster!
You feel mighty!
* * * LOW HITPOINT WARNING * * *
You feel sick.
The killer bee completely misses you. x2
The killer bee closely misses you. The killer bee completely misses you.
The killer bee closely misses you. The killer bee completely misses you.
You are too berserk!
You are too berserk!
You feel a strong urge to attack something.
You feel your anger nearly subside.
You are no longer berserk.
You are exhausted.
You feel yourself slow down.
As you read the scroll of teleportation, it crumbles to dust.
You feel strangely unstable.
* * * LOW HITPOINT WARNING * * *
You feel sick. The killer bee completely misses you.
The killer bee barely misses you. The killer bee stings you.
You die...

.. #..........#
..### #....>.....#
..'.####.......<..#
..#....'..........+
# ######..........#
######+##### ..#
#.# #########@##
........yyy####
..............#
.......<...##.#
..........(# ..
...........# ..
.......>...# .
.>.........#
#########.##


You could see 3 killer bees.

Vanquished Creatures
  A two-headed ogre (D:7)
  An unseen horror (D:8)
  A water moccasin (D:6)
  2 ice beasts (D:8)
  A black bear (D:8)
  A sky beast (D:5)
  4 ogres
  A centaur (D:7)
  A big kobold (D:7)
  2 bullfrogs (D:6)
  2 scorpions
  6 killer bees (D:9)
  A howler monkey (D:6)
  A centaur zombie (D:7)
  2 quasits
  3 jellies
  2 orc priests (D:8)
  2 hounds
  An iguana (D:5)
  2 orc wizards (D:4)
  5 worker ants
  Robin (D:1)
  A worker ant zombie (D:5)
  7 gnolls
  12 adders
  2 oozes
  An adder skeleton (D:8)
  An adder zombie (D:7)
  2 worms (D:2)
  3 dart slugs
  5 leopard geckos
  14 orcs
  3 ball pythons
  9 giant cockroaches
  11 hobgoblins
  10 jackals
  8 kobolds
  2 quokkas
  6 bats
  5 frilled lizards
  9 goblins
  A leopard gecko zombie (D:5)
  A quokka skeleton (D:5)
  7 rats
  A fungus (D:2)
164 creatures vanquished.

Notes
Turn   | Place    | Note
-------+----------+-------------------------------------------
     0 | D:1      | Glalom the Spriggan Enchanter began the quest for the Orb.
     0 | D:1      | Reached XP level 1. HP: 9/9 MP: 5/5
   206 | D:1      | Reached XP level 2. HP: 11/14 MP: 6/6
   277 | D:1      | Reached skill level 1 in Fighting
   605 | D:1      | Reached skill level 2 in Short Blades
   794 | D:1      | Reached XP level 3. HP: 18/18 MP: 8/8
  1236 | D:2      | Learned a level 3 spell: Confuse
  1301 | D:2      | Identified the +2 helmet "Wuqiumaf" {rN+ Int+4}
  1301 | D:2      | Noticed Robin
  1875 | D:1      | Killed Robin
  1875 | D:1      | Reached XP level 4. HP: 9/23 MP: 6/9
  2589 | D:2      | Found a sparkling altar of Nemelex Xobeh.
  2691 | D:2      | Found a faded altar of an unknown god.
  2972 | D:2      | Found a runed translucent door.
  2973 | D:2      | Noticed Crazy Yiuf
  3412 | D:3      | Noticed a +0 hand axe
  3431 | D:3      | Reached skill level 5 in Stealth
  3511 | D:3      | Found a runed translucent door.
  3512 | D:3      | Noticed EtherCrawl's ghost (amateur DrTm)
  3910 | D:3      | Noticed a +0 hand axe
  3911 | D:3      | Found a hide-covered altar of Uskayaw.
  4162 | D:4      | Reached XP level 5. HP: 26/26 MP: 10/10
  4468 | D:4      | Noticed an ogre
  4478 | D:4      | Killed an ogre
  4478 | D:4      | Reached skill level 3 in Short Blades
  4478 | D:4      | Reached skill level 5 in Hexes
  4482 | D:4      | Learned a level 2 spell: Blink
  4516 | D:4      | Found a runed translucent gate.
  4517 | D:4      | Found a runed translucent gate.
  4525 | D:4      | Found an opulent altar of Gozag.
  4525 | D:4      | Found a runed translucent gate.
  4527 | D:4      | Noticed Borgoz's ghost (amateur GrBe)
  4672 | D:4      | Reached XP level 6. HP: 30/30 MP: 7/11
  4931 | D:4      | Reached skill level 4 in Short Blades
  4931 | D:4      | Reached skill level 1 in Translocations
  4946 | D:4      | Found Jibiur's General Store.
  6064 | D:5      | Entered Level 5 of the Dungeon
  6105 | D:5      | Found an ornate altar of the Wu Jian Council.
  6105 | D:5      | Found a blossoming altar of Fedhas.
  6281 | D:5      | Reached skill level 5 in Short Blades
  6281 | D:5      | Reached XP level 7. HP: 34/35 MP: 12/12
  6684 | D:5      | Reached skill level 6 in Short Blades
  7204 | D:6      | Found a snail-covered altar of Cheibriados.
  7755 | D:6      | Reached skill level 7 in Short Blades
  8332 | D:6      | Reached XP level 8. HP: 26/39 MP: 8/13
  8540 | D:6      | Found a shattered altar of Ashenzari.
  8544 | D:6      | Became a worshipper of Ashenzari the Shackled
  8853 | D:7      | Noticed a two-headed ogre
  8889 | D:6      | Learned a level 2 spell: Ensorcelled Hibernation
  9027 | D:7      | Found a staircase to the Ecumenical Temple.
  9043 | D:7      | Found an opulent altar of Gozag.
  9048 | D:7      | Found a glowing golden altar of the Shining One.
  9048 | D:7      | Found a glowing silver altar of Zin.
  9242 | D:7      | Reached skill level 8 in Short Blades
  9362 | D:7      | Reached skill level 1 in Ice Magic
  9457 | D:7      | Found an iron altar of Okawaru.
  9834 | D:7      | Killed a two-headed ogre
  9834 | D:7      | Reached skill level 9 in Short Blades
  9834 | D:7      | Reached XP level 9. HP: 39/42 MP: 4/14
 10263 | D:7      | Found a shimmering altar of Xom.
 10298 | D:8      | Reached skill level 10 in Short Blades
 10737 | D:8      | Noticed an unseen horror
 10739 | D:8      | Killed an unseen horror
 10781 | D:8      | Found Isamist's Food Boutique.
 11301 | D:9      | Noticed a queen bee
 11402 | D:9      | HP: 1/42 [killer bee (5)]
 11408 | D:9      | HP: 1/42 [poisoned by a killer bee]
 11408 | D:9      | Slain by a killer bee

Levels and vault maps discovered:
D:1:      lemuel_arrival_behind_the_door_large, layout_loops_cross,
          minmay_quantized
D:2:      layout_rooms, chequers_ecumenical_altar_lobes, first_ration,
          nemelex_spade_bored_becter, uniq_robin, uniq_crazy_yiuf_cottage
D:3:      layout_loops_ring, dancing_weapons_uskayaw, ebering_ghost_sewer_d
D:4:      layout_basic, serial_shops, nicolae_shop_crystal, ebering_ghost_gozag,
          dk_noncrumbling_4
D:5:      layout_loops_ring, gammafunk_temple_overflow_elements, st_stairs_4,
          minivault_26
D:6:      layout_gridville, nicolae_ashenzari_panopticon,
          overflow_temple_1_default
D:7:      layout_basic, nicolae_overflow_quartered_altars,
          kennysheep_little_box, minmay_temple_entry_statues_fountains,
          grunt_ogre_cave
D:8:      layout_loops_cross, serial_shops, nicolae_shop_window_shopping
D:9:      layout_roguey [special_room_bee], marbit_many_paths,
          minmay_misc_feat_five

Skill      XL: |  1  2  3  4  5  6  7  8  9 |
---------------+----------------------------+-----
Fighting       | 1 2 |  2.0
Short Blades   | 2 3 5 7 9 10 | 10.0
Hexes          | 4 5 8 |  8.0
Stealth        | 5 6 7 8 |  8.1
Translocations | 3 |  3.4
Ice Magic      | 1 |  1.0
Dodging        | 6 8 |  8.2
Spellcasting   | 4 |  4.8

Action                   |  1- 3 |  4- 6 |  7- 9 || total
-------------------------+-------+-------+-------++-------
Melee: Dagger            |   186 |    92 |   394 ||   672
       Short sword       |       |   212 |    39 ||   251
 Fire: Hunting sling     |       |     3 |    66 ||    69
 Cast: Confuse           |     4 |    22 |    54 ||    80
       Blink             |       |     1 |       ||     1
       Ensorcelled Hiber |       |       |     2 ||     2
Invok: Curse Item        |       |       |     1 ||     1
  Use: Scroll            |       |     8 |     2 ||    10
       Potion            |       |       |     2 ||     2
 Stab: Sleeping          |    18 |     9 |    12 ||    39
       Confused          |     4 |    10 |    28 ||    42
       Distracted        |       |     2 |       ||     2
  Eat: Ration            |       |     3 |     6 ||     9
Armor: Robe              |    14 |       |       ||    14
       Animal skin       |       |    23 |    19 ||    42
Dodge: Dodged            |   134 |   189 |   295 ||   618

Table legend:
 A = Non-vault XP
 B = Vault XP
 C = Vault XP percentage of total XP
 D = Non-vault monster count
 E = Vault monster count
 F = Vault count percentage of total count
                 A         B        C        D         E       F
            +---------+---------+-------+---------+---------+-------
      Total |    4375 |     538 |  11.0 |     139 |      24 |  14.7
            +---------+---------+-------+---------+---------+-------
        D:1 |      54 |      34 |  38.6 |      28 |       9 |  24.3
        D:2 |      32 |      14 |  30.4 |       9 |       7 |  43.8
        D:3 |      49 |       0 |   0.0 |      14 |       0 |   0.0
        D:4 |     416 |       0 |   0.0 |      27 |       0 |   0.0
        D:5 |     512 |       1 |   0.2 |      12 |       1 |   7.7
        D:6 |     373 |       0 |   0.0 |       8 |       0 |   0.0
        D:7 |    1462 |     125 |   7.9 |      22 |       1 |   4.3
        D:8 |    1432 |       0 |   0.0 |      18 |       0 |   0.0
        D:9 |      45 |     364 |  89.0 |       1 |       6 |  85.7
            +---------+---------+-------+---------+---------+-------
